 Dungeon Crawl Stone Soup version 0.31.0-32-g396128a36d (webtiles) character file.

Game seed: 16803757883097286207

252 tizbic2 the Shooter (level 5, 0/31 HPs)
             Began as a Deep Elf Hunter on Mar 25, 2024.
             Slain by Sigmund
             ... wielding a +0 scythe
              (10 damage)
             ... on level 3 of the Dungeon.
             The game lasted 00:10:46 (2611 turns).

tizbic2 the Shooter (Deep Elf Hunter)               Turns: 2611, Time: 00:10:46

Health: 0/31       AC:  7    Str:  8    XL:     5   Next: 89%
Magic:  7/7        EV: 11    Int: 14    God:
Gold:   70         SH:  0    Dex: 20    Spells: 4/4 levels left

rFire   . . .        a - +0 shortbow (freeze)
rCold   . . .        (shield currently unavailable)
rNeg    . . .        d - +0 ring mail
rPois   .            (no helmet)
rElec   .            (no cloak)
rCorr   .            r - +0 pair of gloves
SInv    .            i - +0 pair of boots
Will    +....        (no amulet) Stlth
                     s - ring of willpower
HPRegen 0.25/turn    (no ring)
MPRegen 0.10/turn

%: no passive effects
@: confused, brilliant, ambrosia-drunk, attractive
A: no striking features
a: no special abilities


You were on level 3 of the Dungeon.
You visited 2 branches of the dungeon, and saw 5 of its levels.

You collected 223 gold pieces.
You spent 153 gold pieces at shops.

Inventory:

Hand Weapons
 a - a +0 shortbow of freezing (weapon)
 h - a +0 sling
 l - a +2 dagger of venom
 q - a +2 dagger of electrocution
Armour
 d - a +0 ring mail (worn)
 i - a +0 pair of boots (worn)
 m - a +0 scale mail
 r - a +0 pair of gloves (worn)
Jewellery
 s - a ring of willpower (left hand)
Wands
 p - a wand of acid (5)
Scrolls
 c - a scroll of poison
 k - 2 scrolls of identify {unknown}
 w - a scroll of immolation {unknown}
Potions
 b - a potion of heal wounds {unknown}
 g - a potion of enlightenment {unknown}
 j - 2 potions of brilliance
 n - a potion of berserk rage {unknown}
 o - a potion of mutation {unknown}
 t - a potion of might {unknown}
 u - a potion of haste {unknown}
 v - a potion of degeneration {unknown}
 x - a potion of curing {unknown}


   Skills:
 + Level 2.5 Fighting
 * Level 7.3 Ranged Weapons
 * Level 2.9 Armour
 - Level 2.4 Dodging
 - Level 1.2 Stealth


You had 4 spell levels left.
You didn't know any spells.
Your spell library contained the following spells:

 Spells                   Type           Power      Damage    Failure   Level
 Magic Dart               Conj           0%         1d3       63%         1
 Slow                     Hex            0%         N/A       63%         1
 Blink                    Tloc           0%         N/A       77%         2
 Call Imp                 Summ           0%         N/A       77%         2
 Confusing Touch          Hex            0%         N/A       94%         3
 Sigil of Binding         Hex            0%         N/A       94%         3
 Vampiric Draining        Necr           0%         2d6       94%         3


Dungeon Overview and Level Annotations

Branches:
Dungeon (4/15)             Temple (1/1) D:4

Altars:
Ashenzari
Dithmenos
Elyvilon
Fedhas
Gozag
Hepliaklqana
Kikubaaqudgha
Makhleb
Nemelex Xobeh
Okawaru
Qazlal
Ru
Trog
Uskayaw
Vehumet
Xom
Yredelemnul
Zin
The Shining One

Shops:
D:2 [=[   D:3 [((

Annotations:
D:3 Sigmund
Temple 2 transporters


Message History

The web tears apart.
Fire: a) +0 shortbow (freeze)
Press: ? - help, Q - select action, (/) - cycle Shift-Dir - straight line, f/p - ribbon worm
Aim: a ribbon worm (moderately wounded, catching its breath, 82% to hit)
You shoot an arrow. The arrow hits the ribbon worm!
The arrow freezes the ribbon worm.
You kill the ribbon worm!
A magic dart appears from out of thin air!
The magic dart hits you.
Fire: a) +0 shortbow (freeze)
Press: ? - help, Q - select action, (/) - cycle Shift-Dir - straight line You shoot an arrow.
Fire: a) +0 shortbow (freeze)
Press: ? - help, Q - select action, (/) - cycle Shift-Dir - straight line You shoot an arrow.
Fire: a) +0 shortbow (freeze)
Press: ? - help, Q - select action, (/) - cycle Shift-Dir - straight line You shoot an arrow.
Something hits you.
Fire: a) +0 shortbow (freeze)
Press: ? - help, Q - select action, (/) - cycle Shift-Dir - straight line You shoot an arrow.
Something hits you.
Fire: a) +0 shortbow (freeze)
Press: ? - help, Q - select action, (/) - cycle Shift-Dir - straight line You shoot an arrow.
Something hits you!
It was a potion of brilliance.
You feel clever all of a sudden.
Okay, then.
It was a potion of attraction.
You feel attractive to monsters. Something hits you but does no damage.
Something is attracted toward you.
You shoot an arrow. Something hits you!
* * * LOW HITPOINT WARNING * * *
It was a potion of ambrosia.
You are confused.
You feel invigorated. Something hits you!
You die...

######.##.# #.#
#.##.###########.###########
#.#.........................
######.#..###########.###########
.....#....###### #.###########
####.#..#.#....# #............
#.#..#.#....# #############
#.#..#.#....####### #......
#.#>.........@....######.#####
#......#.##...................
###.####.##................###
#.# #...................#.. #.#
####†......######.#.### #^#
.....[.....# #.#.... #.#
#######..########.##### #.♣
#..............##.. ... #..
##............##### ###


There were no monsters in sight!

Vanquished Creatures
  A scorpion (D:4)
  A jelly (D:4)
  Ijyb (D:3)
  Robin (D:3)
  4 adders
  A white imp (D:4)
  A dart slug (D:1)
  2 ribbon worms (D:3)
  An orc (D:3)
  7 endoplasms
  2 giant cockroaches
  14 goblins
  9 hobgoblins
  A jackal (D:1)
  5 quokkas
  3 ball pythons
  6 bats
  A frilled lizard (D:2)
  4 kobolds
  8 rats
73 creatures vanquished.

Notes
Turn   | Place    | Note
-------+----------+-------------------------------------------
     0 | D:1      | tizbic2 the Deep Elf Hunter began the quest for the Orb.
     0 | D:1      | Reached XP level 1. HP: 12/12 MP: 3/3
   121 | D:1      | Reached XP level 2. HP: 13/17 MP: 4/4
   337 | D:1      | Reached skill level 1 in Armour
   437 | D:1      | Found a faded altar of an unknown god.
   709 | D:2      | Reached XP level 3. HP: 21/21 MP: 5/5
   837 | D:2      | Found Duif's Antique Armour Shop.
   841 | D:2      | Reached skill level 6 in Ranged Weapons
   848 | D:2      | Found Lyolaunk's Jewellery Emporium.
  1036 | D:2      | Found Xahoib's Armour Emporium.
  1044 | D:2      | Bought a +0 pair of boots for 63 gold pieces
  1500 | D:3      | Found Jirun's Antique Weapon Shop.
  1516 | D:3      | Noticed Ijyb
  1520 | D:3      | Noticed Robin
  1524 | D:3      | Killed Ijyb
  1525 | D:3      | Reached XP level 4. HP: 23/26 MP: 6/6
  1553 | D:3      | Found Guwes's Weapon Boutique.
  1561 | D:3      | Killed Robin
  1573 | D:3      | Found Xunum's Antique Armour Boutique.
  1581 | D:3      | Bought a pair of gloves for 90 gold pieces
  1597 | D:3      | Noticed Sigmund
  1744 | D:4      | Reached XP level 5. HP: 31/31 MP: 7/7
  1754 | D:4      | Found a staircase to the Ecumenical Temple.
  1771 | Temple   | Found a transporter.
  1771 | Temple   | Found a transporter.
  1771 | Temple   | Found a transporter.
  1771 | Temple   | Found a transporter.
  1771 | Temple   | Entered the Ecumenical Temple
  1814 | D:4      | Reached skill level 7 in Ranged Weapons
  2611 | D:3      | Slain by Sigmund

Illustrated notes

Levels and vault maps discovered:
D:1:      dpeg_arrival_leaves_temple_mockup, layout_rooms,
          shapermc_ecumenical_altar_notcrosses, hangedman_feature_mirror,
          minmay_door_square
D:2:      layout_basic, serial_shops, shop, nicolae_shop_tiny_statue_garden,
          nicolae_shop_waterfront
D:3:      cheibrodos_helix_gallery, layout_basic, serial_shops, shop,
          nicolae_shop_trees, nicolae_shop_bloodbath_and_beyond,
          nicolae_shop_overgrown_old_shop, nicolae_shop_dealshenge,
          uniq_sigmund, uniq_ijyb, uniq_robin
D:4:      layout_loops_cross, minmay_temple_entry_junction_2
Temple:   hellmonk_temple_divided_pantheon

Skill      XL: |  1  2  3  4  5 |
---------------+----------------+-----
Armour         | 1 2 |  2.9
Fighting       | 2 |  2.5
Ranged Weapons | 6 7 |  7.3
Dodging        | |  2.4
Stealth        | |  1.2

Action                     |  1- 3 |  4- 6 || total
---------------------------+-------+-------++-------
  Melee: Dagger            |       |     9 ||     9
   Fire: Shortbow          |    91 |    78 ||   169
    Use: Scroll            |     6 |     1 ||     7
         Potion            |       |     3 ||     3
 Armour: Ring mail         |    21 |    49 ||    70
  Dodge: Dodged            |    20 |    29 ||    49
